 Dungeon Crawl Stone Soup version 0.17-a0-2098-gf59d6bc (webtiles) character file.

53 septik the Magician (level 3, -2/24 HPs)
             Began as a Mummy Wizard on Oct 17, 2015.
             Slain by a jackal (3 damage)
             ... on level 2 of the Dungeon.
             The game lasted 00:06:05 (2169 turns).

septik the Magician (Mummy Wizard)                  Turns: 2169, Time: 00:06:05

Health: -2/24      AC:  2    Str: 10    XL:     3   Next: 62%
Magic:  1/7        EV: 12    Int: 18    God:
Gold:   44         SH:  0    Dex: 10    Spells: 2 memorised, 5 levels left

rFire  x . .     SeeInvis .     d - +0 mace (curse)
rCold  + . .     Clarity  .     a - +0 robe
rNeg   + + +     SustAt   .     (no shield)
rPois  ∞         Gourm    .     b - +0 hat
rElec  .         Spirit   .     (no cloak)
rCorr  .         Warding  .     (no gloves)
rMut   .         Stasis   .     (no boots)
MR     .....                    (no amulet)
Stlth  ++........               (no ring)
                                (no ring)

@: not resistant to hostile enchantments, unstealthy
A: no food or potions, fire vulnerability, cold resistance 1, negative energy
resistance 3, torment resistance, unbreathing
a: no special abilities


You were on level 2 of the Dungeon.
You were not hungry.

You visited 1 branch of the dungeon, and saw 3 of its levels.

You collected 44 gold pieces.

Inventory:

Hand Weapons
 d - a cursed +0 mace (weapon)
 l - a +0 falchion
Missiles
 f - 83 stones (quivered)
Armour
 a - a +0 robe (worn)
 b - a +0 hat (worn)
 h - a +0 shield
Scrolls
 e - a scroll of noise
 g - a scroll of recharging
 k - a scroll of blinking
Books
 c - a book of Minor Magic

   Spells                             Type                      Level
   a - Magic Dart                     Conjuration                  1
   b - Blink                          Translocation                2
   c - Call Imp                       Summoning                    2
   d - Repel Missiles                 Charms/Air                   2
   e - Slow                           Hexes                        2
   f - Conjure Flame                  Conjuration/Fire             3
   g - Mephitic Cloud                 Conjuration/Poison/Air       3


   Skills:
 - Level 1.8 Dodging
 - Level 1.5 Stealth
 - Level 3.4 Spellcasting
 - Level 1.1 Conjurations
 * Level 2.0 Summonings
   Level 0.7 Translocations


You had 5 spell levels left.
You knew the following spells:

 Your Spells              Type           Power        Failure   Level  Hunger
a - Magic Dart            Conj           #...         12%         1    N/A
b - Call Imp              Summ           ##......     12%         2    N/A

Dungeon Overview and Level Annotations

Branches:
Dungeon (3/15)

Altars:
Gozag
Nemelex Xobeh


Innate Abilities, Weirdness & Mutations

You do not eat or drink.
Your flesh is vulnerable to fire.
You are immune to poison.
Your flesh is cold resistant.
You are immune to negative energy.
You are immune to unholy pain and torment.
You can survive without breathing.


Message History

The jackal bites you.
* * * LOW HITPOINT WARNING * * *
Casting: Call Imp
Confirm with . or Enter, or press ? or * to list all spells.
You don't know that spell.
The jackal bites you.
* * * LOW HITPOINT WARNING * * *
The jackal misses you. x2
The jackal bites you.
* * * LOW HITPOINT WARNING * * *
The jackal barely misses you. The jackal barely misses you.
The jackal bites you but does no damage.
The jackal bites you.
* * * LOW HITPOINT WARNING * * *
Casting: Call Imp
Confirm with . or Enter, or press ? or * to list all spells.
A beastly little devil appears in a puff of flame.
The jackal bites you.
You die...

#.#.##.# #..#.###.##.##...#####
#.#.##.# #........##...........
#.#.##.# ##.#...#######..!####.
#.#.##.# #.#...# ##.## #.
#.#h##.# #.#>..##### #.# #.
#.#.##.# #.#...#...# #.# #.
#.#.##.#####.#.5.#...####.# #.
#.#.##........h........##.# #.
#.#...........h@..........# #.
#.............h).......#### #.
############.........##########.
####.##...........)..
#.###.############
#.############....
#..............###
################


You could see 3 jackals and a friendly crimson imp.

Vanquished Creatures
  2 oozes
  A giant gecko (D:1)
  2 ball pythons (D:1)
  2 giant cockroaches (D:1)
  2 goblins (D:1)
  4 hobgoblins
  4 jackals
  9 kobolds
  4 bats
  5 giant newts
  6 rats
41 creatures vanquished.

Notes
Turn   | Place    | Note
--------------------------------------------------------------
     0 | D:1      | septik the Mummy Wizard began the quest for the Orb.
     0 | D:1      | Reached XP level 1. HP: 13/13 MP: 4/4
   208 | D:1      | Reached XP level 2. HP: 19/19 MP: 4/6
   212 | D:1      | Learned a level 2 spell: Call Imp
   328 | D:1      | You fall through a shaft!
   434 | D:1      | Reached skill level 1 in Conjurations
   560 | D:1      | Reached skill level 1 in Summonings
   769 | D:1      | Reached XP level 3. HP: 24/24 MP: 1/7
  2003 | D:2      | Found an opulent altar of Gozag.
  2004 | D:2      | Found a sparkling altar of Nemelex Xobeh.
  2168 | D:2      | HP: 1/24 [jackal (1)]
  2169 | D:2      | Slain by a jackal

Vault maps used:
D:1:      onia_arrival_handbag
D:2:      grunt_temple_overflow_opulence, first_bread
D:3:      old_standard_altar

Action                   || total
-------------------------++-------
Melee: Mace              ||    27
 Cast: Magic Dart        ||    92
       Call Imp          ||     2
  Use: Scroll            ||     5
